 Dungeon Crawl Stone Soup version 0.25.1-2-g60ff931df9 (webtiles) character file.

Game seed: 14746480710064230718

23114 gruber the Tortoise (level 12, -12/105 HPs)
             Began as a Minotaur Fighter on Dec 3, 2020.
             Was a High Priest of Okawaru.
             Killed from afar by Roxanne (66 damage)
             ... with a crystal spear
             ... on level 14 of the Dungeon on Dec 5, 2020.
             The game lasted 00:18:13 (14355 turns).

gruber the Tortoise (Minotaur Fighter)             Turns: 14355, Time: 00:18:13

Health: -12/105    AC: 31    Str: 25    XL:     12   Next: 69%
Magic:  0/11       EV: 12    Int:  7    God:    Okawaru [*****.]
Gold:   392        SH: 17    Dex: 11    Spells: 11/11 levels left

rFire    + . .     SeeInvis +   D - +5 mace "Colets" {vamp, +Blink rPois rF+}
rCold    . . .     Gourm    .   X - +2 kite shield {AC+3}
rNeg     . . .     Faith    .   E - +0 plate armour
rPois    +         Spirit   +   S - +3 crown of Dyrovepreva {rElec Int+2 SInv}
rElec    +         Reflect  .   L - +1 cloak {rPois}
rCorr    .         Harm     .   W - +2 pair of gloves
MR       .....                  (no boots)
Stlth    ..........             o - amulet of guardian spirit
HPRegen  0.27/turn              O - ring of poison resistance
MPRegen  0.12/turn              G - ring of flight

@: heroism
A: retaliatory headbutt, horns 2
a: Heroism, Finesse, Renounce Religion, Evoke Blink, Evoke Flight


You were on level 14 of the Dungeon.
You worshipped Okawaru.
Okawaru was extremely pleased with you.
You were not hungry.

You visited 2 branches of the dungeon, and saw 15 of its levels.

You collected 716 gold pieces.
You spent 324 gold pieces at shops.

Inventory:

Hand Weapons
 D - the +5 mace "Colets" (weapon) {vamp, +Blink rPois rF+}
   (You found it on level 7 of the Dungeon)

   It inflicts no extra harm, but heals its wielder when it wounds a living foe.
   It protects you from fire.
   It protects you from poison.
   It lets you blink.
 I - a +5 long sword
 J - a +2 scimitar of freezing
Missiles
 l - 6 javelins (quivered)
 y - a throwing net
 V - 7 silver javelins
Armour
 E - a +0 plate armour (worn)
 L - a +1 cloak of poison resistance (worn)
 S - the +3 crown of Dyrovepreva (worn) {rElec Int+2 SInv}
   (You found it on level 10 of the Dungeon)

   It affects your intelligence (+2).
   It insulates you from electricity.
   It lets you see invisible.
 W - a +2 pair of gloves (worn)
 X - a +2 kite shield of protection (worn)
Jewellery
 o - an amulet of guardian spirit (around neck)
 p - an uncursed amulet of the acrobat
 G - a ring of flight (right hand)
 O - a ring of poison resistance (left hand)
Wands
 a - a wand of flame (29)
 u - a wand of random effects (54)
 z - a wand of iceblast (18)
 H - a wand of clouds (13)
 P - a wand of disintegration (8)
 Q - a wand of paralysis (9)
 U - a wand of digging (5)
Scrolls
 e - 3 scrolls of fear {unknown}
 g - 4 scrolls of amnesia {unknown}
 i - 6 scrolls of remove curse {unknown}
 j - 5 scrolls of teleportation
 m - 2 scrolls of magic mapping {unknown}
 q - 9 scrolls of identify
 t - 4 scrolls of immolation {unknown}
 x - a scroll of fog {unknown}
 F - a scroll of noise {unknown}
 K - 3 scrolls of enchant armour {unknown}
 N - a scroll of holy word {unknown}
 R - a scroll of brand weapon {unknown}
Potions
 b - 2 potions of cancellation {unknown}
 d - 6 potions of might
 h - 4 potions of heal wounds
 k - a potion of stabbing {unknown}
 n - a potion of berserk rage {unknown}
 r - 3 potions of degeneration {unknown}
 s - a potion of invisibility {unknown}
 v - 3 potions of brilliance {unknown}
 w - 2 potions of flight {unknown}
 A - a potion of lignification {unknown}
 B - 8 potions of curing
 C - a potion of mutation {unknown}
 M - 2 potions of magic {unknown}
Comestibles
 c - 7 chunks of flesh
 f - 20 rations


   Skills:
 - Level 9.5(14.5) Fighting
 - Level 9.1(14.1) Long Blades
 - Level 9.1(14.1) Maces & Flails
 - Level 15.1(20.1) Armour
 + Level 3.8(8.8) Dodging
 - Level 13.2(18.2) Shields


You had 11 spell levels left.
You didn't know any spells.
Your spell library was empty.

Dungeon Overview and Level Annotations

Branches:
Dungeon (15/15)            Temple (1/1) D:4            Lair (0/6) D:9
    Orc (0/2) D:11
 Vaults: D:13-14     Depths: D:15

Altars:
Ashenzari
Cheibriados
Dithmenos
Elyvilon
Fedhas
Gozag
Hepliaklqana
Kikubaaqudgha
Makhleb
Nemelex Xobeh
Okawaru
Qazlal
Ru
Sif Muna
Trog
Uskayaw
Vehumet
Wu Jian
Xom
Yredelemnul
Zin

Shops:
D:5 [   D:8 }*([!

Annotations:
D:4 3 runed translucent doors, 15bullets's ghost, amateur DsGl
D:14 exclusion: Roxanne, Roxanne; Rupert
D:15 Azrael


Innate Abilities, Weirdness & Mutations

You reflexively headbutt those who attack you in melee.
You have a pair of horns on your head.


Message History

Marking area around Roxanne as unsafe for travelling.
Found 18 gold pieces.
Roxanne, Geomancer Emeritus comes into view.
You gain the combat prowess of a mighty hero.
You feel much better.
You hear a shout!
You hit Roxanne but do no damage.
Roxanne casts a spell.
You blink.
Unknown command.
Unknown command.
You don't have enough magic at the moment.
You don't have enough magic at the moment.
You don't have enough magic at the moment.
You don't have enough magic at the moment.
You hit Roxanne but do no damage.
Roxanne casts a spell.
The crystal spear hits you!!!
Ouch! That really hurt!
You die...

#...# #......
#....##.....
##...#.....
..........#
..........
.........#
.........##
.......@..##
........8..#
.......ยง...#
.#####.....#
#.........
#.........
...$......
......#####
......##


You could see Roxanne.

Vanquished Creatures
  2 ogre magi (D:15)
  2 centaur warriors
  6 two-headed ogres
  Urug (D:11)
  A tengu warrior (D:14)
  A lindwurm (shapeshifter) (D:15)
  A deep elf mage (D:15)
  An orc sorcerer (D:15)
  Joseph (D:7)
  2 gargoyles
  A black mamba (shapeshifter) (D:15)
  A komodo dragon (shapeshifter) (D:15)
  A freezing wraith (D:14)
  A tengu conjurer (D:14)
  2 trolls
  A hornet (D:9)
  Grinder (D:3)
  3 hippogriffs
  A shadow (D:14)
  A spriggan (D:9)
  2 wraiths
  5 yaks (D:9)
  A wyvern (D:12)
  A steam dragon (D:10)
  A fire elemental (D:15)
  Grum (D:11)
  A hungry ghost (D:7)
  3 vampire mosquitoes (D:12)
  Edmund (D:6)
  2 insubstantial wisps (D:10)
  Duvessa (D:4)
  7 orc warriors
  A hell hound (D:15)
  An ice beast (D:10)
  A necrophage (D:8)
  5 ogres
  A phantom (D:8)
  4 sky beasts
  4 black bears
  3 wolves (D:11)
  15 centaurs
  2 crocodiles
  2 big kobolds
  7 bullfrogs
  Dowan (D:4)
  3 killer bees (D:11)
  21 wights
  3 howler monkeys
  4 centaur zombies
  4 bullfrog zombies
  4 crimson imps
  2 quasits
  3 hounds
  6 orc priests
  Crazy Yiuf (D:7)
  5 jellies
  2 centaur skeletons
  A gnoll shaman (D:7)
  10 orc wizards
  An iguana (D:7)
  Natasha (thrice) (D:4)
  8 worker ants
  14 gnolls
  2 worker ant zombies
  10 adders
  4 shadow imps
  3 oozes
  4 adder skeletons
  3 worms
  3 dart slugs
  57 orcs
  3 ball pythons
  5 giant cockroaches
  7 goblins
  8 hobgoblins
  2 jackals (D:10)
  3 quokkas
  7 bats
  7 frilled lizards
  A jackal skeleton (D:9)
  21 kobolds
  A leopard gecko skeleton (D:5)
  A leopard gecko zombie (D:6)
  A quokka skeleton (D:8)
  8 rats
  A fungus (D:7)
361 creatures vanquished.

Notes
Turn   | Place    | Note
-------+----------+-------------------------------------------
     0 | D:1      | gruber the Minotaur Fighter began the quest for the Orb.
     0 | D:1      | Reached XP level 1. HP: 19/19 MP: 0/0
   109 | D:1      | Reached XP level 2. HP: 26/26 MP: 1/1
   739 | D:1      | Reached XP level 3. HP: 31/31 MP: 2/2
  1187 | D:2      | Reached skill level 5 in Long Blades
  1207 | D:2      | Reached XP level 4. HP: 7/39 MP: 1/3
  2151 | D:3      | Noticed an orc warrior
  2443 | D:3      | Noticed Grinder
  2448 | D:3      | Killed Grinder
  2448 | D:3      | Reached XP level 5. HP: 45/45 MP: 4/4
  2448 | D:3      | Reached XP level 6. HP: 51/51 MP: 5/5
  2954 | D:3      | Found a burning altar of Makhleb.
  3112 | D:2      | HP: 1/51 [orc warrior/+0 scimitar (7)]
  3652 | D:4      | Found a runed translucent gate.
  3652 | D:4      | Found a runed translucent gate.
  3652 | D:4      | Found a runed translucent gate.
  3790 | D:4      | Found an ancient bone altar of Kikubaaqudgha.
  3874 | D:4      | Noticed Dowan
  3876 | D:4      | Noticed Duvessa
  3891 | D:4      | Killed Duvessa
  3891 | D:4      | Reached skill level 4 in Armour
  3891 | D:4      | Reached XP level 7. HP: 34/57 MP: 3/6
  3894 | D:4      | HP: 2/57 [Dowan/shard of ice (17)]
  3900 | D:4      | Killed Dowan
  3900 | D:4      | Reached skill level 5 in Armour
  4211 | D:4      | Found a staircase to the Ecumenical Temple.
  4286 | D:4      | Reached skill level 6 in Armour
  4297 | D:4      | Noticed Natasha
  4303 | D:4      | Killed Natasha
  4713 | D:4      | Noticed Natasha
  4724 | D:4      | Killed Natasha
  4816 | D:4      | Reached skill level 7 in Armour
  4948 | D:4      | Noticed 15bullets's ghost (amateur DsGl)
  4975 | D:5      | Entered Level 5 of the Dungeon
  5053 | D:2      | Reached XP level 8. HP: 10/64 MP: 0/7
  5451 | D:5      | Reached skill level 5 in Shields
  5902 | D:5      | Found Gathreit's Antique Armour Shop.
  6654 | D:6      | Noticed Edmund
  6670 | D:6      | Killed Edmund
  6814 | D:6      | Reached XP level 9. HP: 67/70 MP: 6/8
  7236 | D:6      | Reached skill level 10 in Shields
  7260 | D:6      | Found a shattered altar of Ashenzari.
  7585 | D:6      | Found a bloodstained altar of Trog.
  8140 | D:7      | Noticed Joseph
  8161 | D:7      | Killed Joseph
  8913 | D:7      | Reached XP level 10. HP: 72/80 MP: 7/9
  8968 | D:7      | Found a runed translucent door.
  8969 | D:7      | Noticed Crazy Yiuf
  8971 | D:7      | Got a smoking mace
  8978 | D:7      | Killed Crazy Yiuf
  9203 | D:8      | Reached skill level 5 in Fighting
  9411 | D:8      | Found Lelef's Assorted Antiques.
  9419 | D:8      | Found Teawuw's Weapon Boutique.
  9471 | D:8      | Bought a vibrating iron ring for 155 gold pieces
  9471 | D:8      | Identified the ring "Jaoph" {+Inv rPois Str-4 SInv Stlth-}
                  | (You bought it in a shop on level 8 of the Dungeon)
  9473 | D:8      | Identified the +5 mace "Colets" {vamp, +Blink rPois rF+}
                  | (You found it on level 7 of the Dungeon)
  9500 | D:8      | Reached skill level 1 in Maces & Flails
  9603 | D:8      | Found Laex's Armour Shop.
  9626 | D:8      | Found a glowing silver altar of Zin.
  9654 | D:8      | Found Enaar's Distillery.
  9658 | D:8      | Bought 2 potions of heal wounds for 130 gold pieces
  9658 | D:8      | Bought a potion of curing for 39 gold pieces
  9885 | D:8      | Found Duojadak's Gadget Shoppe.
 10112 | D:9      | Reached skill level 5 in Maces & Flails
 10339 | D:9      | Noticed a two-headed ogre
 10349 | D:9      | Killed a two-headed ogre
 10608 | D:9      | Found a shadowy altar of Dithmenos.
 10609 | D:9      | Found a hazy altar of Hepliaklqana.
 10631 | D:9      | Found an opulent altar of Gozag.
 10672 | D:9      | Found a bloodstained altar of Trog.
 10777 | D:9      | Found a glowing silver altar of Zin.
 10777 | D:9      | Noticed an angel
 10836 | D:9      | Found a staircase to the Lair.
 10877 | D:9      | Reached XP level 11. HP: 91/91 MP: 10/10
 11162 | D:9      | Found an opulent altar of Gozag.
 11162 | D:9      | Found a radiant altar of Vehumet.
 11167 | D:9      | Found a shimmering altar of Xom.
 11169 | D:9      | Found a white marble altar of Elyvilon.
 11170 | D:9      | Found a snail-covered altar of Cheibriados.
 11293 | D:4      | Noticed Natasha
 11298 | D:4      | Killed Natasha
 11307 | Temple   | Entered the Ecumenical Temple
 11347 | Temple   | Became a worshipper of Warmaster Okawaru
 11508 | D:10     | Entered Level 10 of the Dungeon
 11875 | D:10     | Found the +3 crown of Dyrovepreva {rElec Int+2 SInv}
 12026 | D:10     | Noticed a two-headed ogre
 12035 | D:10     | Killed a two-headed ogre
 12035 | D:10     | Reached * piety under Okawaru
 12369 | D:11     | Noticed a two-headed ogre
 12377 | D:11     | Killed a two-headed ogre
 12388 | D:11     | Noticed Grum
 12388 | D:11     | Noticed a two-headed ogre
 12395 | D:11     | Reached skill level 8 in Armour
 12405 | D:11     | Killed a two-headed ogre
 12405 | D:11     | Reached skill level 1 in Dodging
 12423 | D:11     | Killed Grum
 12423 | D:11     | Reached skill level 9 in Armour
 12637 | D:11     | Reached ** piety under Okawaru
 12902 | D:11     | Noticed a centaur warrior
 12908 | D:11     | Reached skill level 10 in Armour
 12915 | D:11     | Killed a centaur warrior
 12948 | D:11     | Reached *** piety under Okawaru
 12948 | D:11     | Reached skill level 11 in Armour
 13004 | D:11     | Found a staircase to the Orcish Mines.
 13005 | D:11     | Noticed Urug
 13022 | D:11     | Killed Urug
 13516 | D:12     | Noticed a white ugly thing
 13517 | D:12     | Noticed a red ugly thing
 13518 | D:12     | You fall into a shaft and drop 3 floors!
 13518 | D:15     | Entered Level 15 of the Dungeon
 13543 | D:15     | Noticed Azrael
 13558 | D:15     | Reached XP level 12. HP: 86/104 MP: 9/11
 13567 | D:15     | Reached skill level 12 in Armour
 13774 | D:15     | Noticed an ogre mage
 13777 | D:15     | Reached **** piety under Okawaru
 13791 | D:15     | Noticed a two-headed ogre
 13794 | D:15     | Noticed an ogre mage
 13803 | D:15     | Killed an ogre mage
 13803 | D:15     | Reached skill level 13 in Armour
 13808 | D:15     | Killed an ogre mage
 13813 | D:15     | Killed a two-headed ogre
 13867 | D:14     | Noticed a two-headed ogre
 13868 | D:14     | Noticed a tengu warrior
 13888 | D:14     | Killed a two-headed ogre
 13888 | D:14     | Reached ***** piety under Okawaru
 13888 | D:14     | Reached skill level 14 in Armour
 14056 | D:14     | Killed a tengu warrior
 14280 | D:14     | Noticed a centaur warrior
 14300 | D:14     | Killed a centaur warrior
 14300 | D:14     | Reached skill level 15 in Armour
 14336 | D:14     | Noticed Rupert
 14340 | D:14     | Paralysed by Rupert for 7 turns
 14351 | D:14     | Noticed Roxanne
 14355 | D:14     | Killed from afar by Roxanne

Illustrated notes

Levels and vault maps discovered:
D:1:      saegor_arrival_simple_a, layout_basic, minmay_tetromino_i2
D:2:      layout_loops_cross
D:3:      layout_loops_ring, lemuel_coloured_pillars_altar, uniq_grinder
D:4:      layout_cave_pods, kennysheep_mini, minmay_temple_entry_large_hall,
          first_ration, ebering_ghost_rock_garden, uniq_natasha, uniq_duvessa
D:5:      layout_gridville, serial_shops, shop_fountains
D:6:      layout_loops_corners, overflow_temple_1_default,
          nicolae_overflow_hidden_temple, uniq_edmund
D:7:      layout_loops_cross, uniq_joseph, uniq_crazy_yiuf_cottage
D:8:      layout_basic, basic_altar, serial_shops, shop_statue,
          nicolae_shop_window_shopping, nicolae_shop_crystal, shop, shop
D:9:      layout_long_grid, riverfiend_overflow_shadow_ancestor, zin_angel,
          chequers_temple_overflow_minitemple, lair_entry_dummy, basic_altar,
          the_bakery, minmay_misc_feat_square,
          nicolae_gozag_cash_rules_everything_around_me
D:10:     layout_irregular_city, hangedman_misty_isle
D:11:     layout_irregular_city, david_orc_2, uniq_urug, uniq_grum
D:12:     layout_loops_cross, serial_shops, shop, uniq_maurice
D:14:     layout_layer_cave, enter_trove_0, uniq_rupert, uniq_roxanne,
          uniq_snorg, uniq_frances
D:15:     hangedman_depths_entry_civil_slaughter, layout_gridville,
          lemuel_blue_sif_altar, uniq_azrael
Temple:   cyrus_temple_forest

Skill      XL: |  1  2  3  4  5  6  7  8  9 10 11 12 |
---------------+-------------------------------------+-----
Long Blades    | 3 4 5 8 9 |  9.1
Armour         | 4 7 11 15 | 15.1
Shields        | 4 9 13 | 13.2
Fighting       | 4 7 9 |  9.5
Maces & Flails | 9 |  9.1
Dodging        | 2 3 |  3.8

Action                   |  1- 3 |  4- 6 |  7- 9 | 10-12 || total
-------------------------+-------+-------+-------+-------++-------
Melee: Long sword        |    78 |   175 |   179 |    95 ||   527
       Headbutt          |    17 |    18 |    65 |   177 ||   277
       Scimitar          |       |       |   169 |       ||   169
       Mace              |       |       |       |   706 ||   706
Throw: Javelin           |       |       |     3 |     2 ||     5
Invok: Heroism           |       |       |       |     6 ||     6
  Use: Scroll            |       |       |       |     3 ||     3
       Potion            |       |       |       |     1 ||     1
  Eat: Chunk             |     1 |     9 |    14 |    19 ||    43
       Ration            |       |       |     1 |       ||     1
Armor: Scale mail        |    23 |    43 |     9 |       ||    75
       Plate armour      |       |       |    90 |   441 ||   531
Dodge: Dodged            |    22 |    49 |    68 |   230 ||   369
Block: Kite shield       |    21 |   101 |   171 |   641 ||   934
       Rpst.: Long sword |     4 |    13 |     6 |     2 ||    25
       Scimitar          |       |       |     7 |       ||     7
